cohdb
Replays
Latest Replays
All Replays
Popular Replays
Top Player Replays
Match Explorer
How It Works
Community
CoH3 Stats
Reddit
Sign in to upload your games and track your stats! →
Sign in with Steam
Match 39475083
Unlisted
Match 39475083
Overview
Messages
Build Orders
End
Selects Australian Defense Battlegroup
Selects Australian Light Infantry Section
Australian Light Infantry Section
Australian Light Infantry Section
Construct Section Command Post
Infantry Section
Construct Platoon Command Post
Dingo Light Scout Car
CMP 15cwt Truck
Infantry Section
Australian Light Infantry Section
Selects CMP 15cwt Supply Run
Selects Reinforced Resource Caches
Construct Company Command Post
Royal Engineer Section
Unlock M3 Grant Medium Tanks
Kalazarr
FireFang
Bismarck
探路者
Tarkorotsu
12392089
Prof. Dr. Redbullet (GER)
Calm
0
0
Comments
sign in to comment!
No comments posted yet!